 Dungeon Crawl Stone Soup version 0.31.0-11-ge490571c62 (webtiles) character file.

Game seed: 916234735848716920

1540 qw the Nimble (level 8, -13/40 HPs)
             Began as a Spriggan Hunter on Feb 5, 2024.
             Mangled by Edmund
             ... wielding a +1 heavy flail
              (15 damage)
             ... on level 6 of the Dungeon.
             The game lasted 00:01:39 (4145 turns).

qw the Nimble (Spriggan Hunter)                     Turns: 4145, Time: 00:01:40

Health: -13/40     AC:  3    Str:  7    XL:     8   Next: 56%
Magic:  9/9        EV: 31    Int: 11    God:
Gold:   200        SH:  0    Dex: 25    Spells: 7/7 levels left

rFire   . . .        a - +2 shortbow (heavy)
rCold   . . .        (shield currently unavailable)
rNeg    . . .        b - +1 robe of the Ward {rPois Dex+5 Archmagi}
rPois   +            (helmet restricted)
rElec   +            (no cloak)
rCorr   .            (gloves unavailable)
SInv    +            (boots unavailable)
Will    +....        (no amulet)
Stlth   ++           n - +5 ring of evasion
HPRegen 0.26/turn    f - +4 ring of slaying {mikee}
MPRegen 0.11/turn

%: archmagi
@: very quick
A: very small, no large weapons, unfitting armour, see invisible, speed 3, sense
surroundings 1, electricity resistance
a: no special abilities


You were on level 6 of the Dungeon.
You visited 1 branch of the dungeon, and saw 6 of its levels.

You collected 200 gold pieces.


Innate Abilities, Weirdness & Mutations

You are very small and have problems with some larger weapons.
You are too small for most types of armour.
You have supernaturally acute eyesight. (SInv)
You cover ground extremely quickly. (Speed+++)
You passively map a small area around you.
You are resistant to electric shocks. (rElec)


   Skills:
 - Level 3.2 Fighting
 + Level 8.8 Ranged Weapons
 - Level 9.0 Dodging
 - Level 1.5 Stealth


You had 7 spell levels left.
You didn't know any spells.
Your spell library was empty.

Inventory:

Hand Weapons
 a - a +2 heavy shortbow (weapon)
Armour
 b - the +1 robe of the Ward (worn) {rPois Dex+5 Archmagi}
   (You acquired it on level 2 of the Dungeon)

   Dex+5:     It affects your dexterity (+5).
   rPois:     It protects you from poison Archmagi: It increases the power of
   your magical spells.
Jewellery
 f - a +4 ring of slaying (right hand) {mikee}
 n - a +5 ring of evasion (left hand)
 Y - a ring of protection from fire
Wands
 g - a wand of polymorph (6)
Potions
 c - a potion of attraction {unknown}
 d - a potion of curing
 e - a potion of enlightenment {unknown}
 h - a potion of heal wounds {unknown}
 j - a potion of mutation
 l - 3 potions of berserk rage {unknown}
 o - a potion of resistance {unknown}

Dungeon Overview and Level Annotations

Branches:
Dungeon (6/15)
 Temple: D:4-7

Altars:
Cheibriados
Hepliaklqana
Trog
Yredelemnul

Shops:
D:2 (

Annotations:
D:2 1 runed translucent door, Crazy Yiuf
D:6 Edmund


Message History

The ufetubus completely misses you. x2; The ufetubus hits you.
The ufetubus completely misses you. x3
You shoot an arrow. The arrow hits the ufetubus!!
You kill the ufetubus!
You start resting.
HP restored.
You see here an adder corpse.
Found 9 stones.
Found a scroll of amnesia.
You see here 9 stones.
Found 5 poisoned darts.
Edmund the Younger comes into view.
He is wielding a +1 heavy flail.
You shoot an arrow.
Edmund shouts!
The arrow hits Edmund but does no damage.
You shoot an arrow. The arrow hits Edmund!
Edmund is moderately wounded.
You shoot an arrow.
The arrow hits Edmund but does no damage.
Edmund is moderately wounded.
You shoot an arrow. The arrow barely misses Edmund.
You shoot an arrow. The arrow hits Edmund.
Edmund is moderately wounded.
Edmund completely misses you.
You shoot an arrow.
The arrow hits Edmund but does no damage.
Edmund is moderately wounded.
Edmund closely misses you.
You shoot an arrow. The arrow hits Edmund.
Edmund is moderately wounded.
Edmund hits you with a +1 heavy flail!!
You shoot an arrow. The arrow hits Edmund.
Edmund is heavily wounded.
Edmund hits you with a +1 heavy flail!!
Ouch! That really hurt!
You shoot an arrow. The arrow hits Edmund!
Edmund is severely wounded.
Edmund hits you with a +1 heavy flail!
You die...
Edmund says, "That'll show my brother!"

######### * (.......##
, #.######...##### ,
#...........(.# ,,
##.#.@#.....#.# *
#.@##.#..#.# , ,
.......#..#.# , ,
**,..##..##.#..#.# * #.
#..##.#..#.######## # *
#..##.#..#........# , *
*.###..##.#?.########.#
* ,...... #.# *. ,,
..., * , #.#


You could see Edmund.

Vanquished Creatures
  Sigmund (D:2)
  2 black bears (D:6)
  3 scorpions
  5 wights (D:6)
  3 hounds
  2 bombardier beetles
  A gnoll bouda (D:6)
  2 orc priests (D:4)
  2 jellies
  4 iguanas
  An orc wizard (D:4)
  10 gnolls
  10 adders
  A shadow imp (D:5)
  6 ufetubi (D:6)
  4 dart slugs (D:1)
  A ribbon worm (D:2)
  13 orcs
  6 ball pythons
  6 endoplasms
  5 giant cockroaches
  6 goblins
  4 hobgoblins
  9 jackals
  4 quokkas
  6 bats
  5 kobolds
  5 rats
127 creatures vanquished.

Notes
Turn   | Place    | Note
-------+----------+-------------------------------------------
     0 | D:1      | qw the Spriggan Hunter began the quest for the Orb.
     0 | D:1      | Reached XP level 1. HP: 10/10 MP: 2/2
     0 | D:1      | 0 ||| qw: Version: 0.3-a-160-g6735b56
     0 | D:1      | 0 ||| qw: Game counter: 6476
     0 | D:1      | 0 ||| qw: Melee chars always use a shield: true
     0 | D:1      | 0 ||| qw: God list: Okawaru
     0 | D:1      | 0 ||| qw: Allow faded altars: false
     0 | D:1      | 0 ||| qw: Do Orc after clearing Dungeon:15 true
     0 | D:1      | 0 ||| qw: Do second Lair branch before Depths: true
     0 | D:1      | 0 ||| qw: Lair rune preference: random
     0 | D:1      | 0 ||| qw: Goals: Normal
     0 | D:1      | 0 ||| PLANNING D:1-11
   141 | D:1      | Reached skill level 3 in Dodging
   218 | D:1      | Reached XP level 2. HP: 13/14 MP: 3/3
   313 | D:1      | Reached skill level 4 in Dodging
   462 | D:1      | Reached XP level 3. HP: 18/18 MP: 4/4
   899 | D:1      | 899 ||| READING scroll labelled DIZOPIADAM.
   902 | D:1      | 902 ||| READING scroll labelled XOYDDO VOYLI.
   903 | D:1      | 903 ||| DROPPING scroll of butterflies.
  1091 | D:2      | Found Qon Tas's Antique Weapon Boutique.
  1234 | D:2      | 1234 ||| RETREEEEATING.
  1239 | D:2      | 1239 ||| RETREEEEATING.
  1240 | D:2      | 1240 ||| RETREEEEATING.
  1241 | D:2      | 1241 ||| RETREEEEATING.
  1242 | D:2      | 1242 ||| RETREEEEATING.
  1244 | D:2      | 1244 ||| RETREEEEATING.
  1248 | D:2      | 1248 ||| RETREEEEATING.
  1256 | D:2      | Reached XP level 4. HP: 21/22 MP: 5/5
  1294 | D:2      | Reached skill level 5 in Dodging
  1371 | D:2      | Found a runed translucent door.
  1372 | D:2      | Noticed Crazy Yiuf
  1491 | D:2      | Noticed Sigmund
  1503 | D:2      | HP: 5/23 [Sigmund/magic dart (11)]
  1505 | D:2      | Killed Sigmund
  1506 | D:2      | Reached skill level 6 in Ranged Weapons
  1506 | D:2      | Reached XP level 5. HP: 6/26 MP: 6/6
  1506 | D:2      | Reached XP level 6. HP: 7/30 MP: 7/7
  1744 | D:2      | 1744 ||| UPGRADING to ring of protection from fire.
  1745 | D:2      | 1745 ||| READING scroll labelled ZYRAGY XARO.
  1846 | D:2      | 1846 ||| READING scroll labelled HETAMI AGINE.
  1847 | D:2      | 1847 ||| READING scroll labelled MECIVE OFUOXTI.
  1848 | D:2      | 1848 ||| READING scroll labelled JITRUA TEDUIN.
  1848 | D:2      | 1848 ||| ENCHANTING +0 shortbow.
  1849 | D:2      | 1849 ||| READING scroll labelled PENOUTH NO LES.
  1849 | D:2      | Identified a scroll of acquirement
  1849 | D:2      | 1849 ||| ACQUIRING +1 robe of the Ward {rPois Dex+5
                  | Archmagi}
  1849 | D:2      | Acquired the +1 robe of the Ward {rPois Dex+5 Archmagi}
  1851 | D:2      | 1851 ||| UPGRADING to +1 robe of the Ward {rPois Dex+5
                  | Archmagi}.
  1861 | D:2      | 1861 ||| DROPPING +0 robe.
  1862 | D:2      | 1862 ||| READING scroll labelled UWIMNU BOCUTAVE.
  1863 | D:2      | 1863 ||| READING scroll labelled IRPHAY RUYZO.
  1864 | D:2      | 1864 ||| DRINKING 2 bubbling green potions.
  1865 | D:2      | 1865 ||| DRINKING 2 green potions.
  1893 | D:2      | 1893 ||| DROPPING potion of lignification.
  1931 | D:3      | 1931 ||| STAIRDANCE
  1942 | D:3      | 1942 ||| STAIRDANCE
  2240 | D:3      | Reached skill level 6 in Dodging
  2414 | D:3      | 2414 ||| READING scroll of enchant weapon.
  2414 | D:3      | 2414 ||| ENCHANTING +1 shortbow.
  2463 | D:3      | 2463 ||| UPGRADING to +4 ring of slaying {mikee}.
  2464 | D:3      | 2464 ||| READING scroll labelled BOEDANG LIQAWOUTT.
  2464 | D:3      | 2464 ||| BRANDING +2 shortbow.
  2509 | D:4      | Found a bloodstained altar of Trog.
  2562 | D:4      | 2562 ||| FLEEEEING.
  2563 | D:4      | 2563 ||| FLEEEEING.
  2565 | D:4      | 2565 ||| FLEEEEING.
  2566 | D:4      | 2566 ||| FLEEEEING.
  2568 | D:4      | 2568 ||| FLEEEEING.
  2569 | D:4      | 2569 ||| FLEEEEING.
  2635 | D:4      | Found a snail-covered altar of Cheibriados.
  2637 | D:4      | Found a basalt altar of Yredelemnul.
  2641 | D:4      | Reached skill level 7 in Dodging
  2693 | D:4      | Reached XP level 7. HP: 35/35 MP: 8/8
  3162 | D:5      | Entered Level 5 of the Dungeon
  3296 | D:5      | Reached skill level 8 in Dodging
  3332 | D:5      | Found a hazy altar of Hepliaklqana.
  3586 | D:5      | 3586 ||| DROPPING ring of willpower.
  3587 | D:5      | 3587 ||| UPGRADING to +5 ring of evasion.
  3589 | D:5      | 3589 ||| READING scroll labelled CUABBU EBAHU.
  3589 | D:5      | 3589 ||| IDENTIFYING fizzy grey potion
  3590 | D:5      | 3590 ||| DRINKING 2 sedimented puce potions.
  3590 | D:5      | Gained mutation: You passively map a small area around you.
                  | [potion of mutation]
  3590 | D:5      | Gained mutation: You are resistant to electric shocks.
                  | (rElec) [potion of mutation]
  3591 | D:5      | 3591 ||| DROPPING potion of degeneration.
  3624 | D:6      | 3624 ||| STAIRDANCE
  3728 | D:6      | 3728 ||| RETREEEEATING.
  3729 | D:6      | 3729 ||| RETREEEEATING.
  3730 | D:6      | 3730 ||| RETREEEEATING.
  3731 | D:6      | 3731 ||| RETREEEEATING.
  3732 | D:6      | 3732 ||| RETREEEEATING.
  3740 | D:6      | Reached XP level 8. HP: 37/39 MP: 9/9
  3756 | D:6      | Reached skill level 9 in Dodging
  3796 | D:6      | 3796 ||| FLEEEEING.
  3797 | D:6      | 3797 ||| FLEEEEING.
  3798 | D:6      | 3798 ||| FLEEEEING.
  3799 | D:6      | 3799 ||| STAIRDANCE
  3858 | D:6      | 3858 ||| RETREEEEATING.
  3859 | D:6      | 3859 ||| RETREEEEATING.
  3863 | D:6      | HP: 6/36 [wight/+5 spear (4)]
  3864 | D:6      | Reached skill level 3 in Fighting
  3868 | D:6      | HP: 5/40 [wight/+5 spear (2)]
  3870 | D:6      | 3870 ||| FLEEEEING.
  3871 | D:6      | 3871 ||| FLEEEEING.
  3872 | D:6      | 3872 ||| STAIRDANCE
  4136 | D:6      | Noticed Edmund
  4144 | D:6      | HP: 1/40 [Edmund/+1 heavy flail (20)]
  4145 | D:6      | Mangled by Edmund

Levels and vault maps discovered:
D:1:      eino_arrival_cavern_e, layout_basic, serial_corexii_hall,
          corexii_hall_statues_i, corexii_hall_statues_l, minmay_quantized
D:2:      layout_loops_cross, serial_shops, shop, uniq_sigmund,
          uniq_crazy_yiuf_cottage
D:3:      layout_rooms, minmay_misc_feat_alley, minmay_strange_pillars
D:4:      layout_basic, mainiacjoe_overflow_catwalk_spiral,
          kennysheep_little_box
D:5:      layout_cave_pools, nicolae_overflow_crystal_walls,
          chequers_serial_rivers_small_a
D:6:      layout_loops_ring, minivault_27, uniq_edmund

Skill      XL: |  1  2  3  4  5  6  7  8 |
---------------+-------------------------+-----
Dodging        | 3 4 5 7 8 9 |  9.0
Ranged Weapons | 5 6 8 |  8.8
Fighting       | 2 3 |  3.2
Stealth        | |  1.5

Action                     |  1- 3 |  4- 6 |  7- 9 || total
---------------------------+-------+-------+-------++-------
   Fire: Shortbow          |   104 |   131 |   113 ||   348
    Use: Scroll            |     2 |     9 |     1 ||    12
         Potion            |       |     2 |     1 ||     3
 Armour: Robe              |    12 |    16 |    25 ||    53
  Dodge: Dodged            |    34 |    56 |   150 ||   240

Table legend:
 A = Non-vault XP
 B = Vault XP
 C = Vault XP percentage of total XP
 D = Non-vault monster count
 E = Vault monster count
 F = Vault count percentage of total count
                 A         B        C        D         E       F
            +---------+---------+-------+---------+---------+-------
      Total |    1959 |     241 |  11.0 |     123 |       4 |   3.1
            +---------+---------+-------+---------+---------+-------
        D:1 |      52 |      10 |  16.1 |      27 |       3 |  10.0
        D:2 |     143 |     231 |  61.8 |      18 |       1 |   5.3
        D:3 |     110 |       0 |   0.0 |      19 |       0 |   0.0
        D:4 |     361 |       0 |   0.0 |      26 |       0 |   0.0
        D:5 |     309 |       0 |   0.0 |      10 |       0 |   0.0
        D:6 |     984 |       0 |   0.0 |      23 |       0 |   0.0
            +---------+---------+-------+---------+---------+-------
